 Dungeon Crawl Stone Soup version 0.25.1-1-g288607f (webtiles) character file.

Game seed: 10228899034136557328

41 RonnieColeman the Conjurer (level 3, -1/21 HPs)
             Began as an Octopode Conjurer on Aug 19, 2020.
             Slain by an orc
             ... wielding a +0 flail of venom
              (12 damage)
             ... on level 2 of the Dungeon.
             The game lasted 00:04:09 (2101 turns).

RonnieColeman the Conjurer (Octopode Conjurer)      Turns: 2101, Time: 00:04:10

Health: -1/21      AC:  1    Str:  7    XL:     3   Next: 52%
Magic:  3/7        EV: 13    Int: 18    God:
Gold:   92         SH:  5    Dex: 12    Spells: 7/8 levels left

rFire    . . .     SeeInvis .   g - +0 spear
rCold    . . .     Gourm    .   (no shield)
rNeg     . . .     Faith    .   (helmet restricted)
rPois    .         Spirit   .   e - amulet of reflection
rElec    .         Reflect  +   (no ring)
rCorr    .         Harm     .   (no ring)
MR       .....                  (no ring)
Stlth    +++.......             (no ring)
HPRegen  0.07/turn              (no ring)
MPRegen  0.10/turn              (no ring)
                                (no ring)
                                (no ring)

@: lethally poisoned (-1 -> -4)
A: almost no armour, stealthy swim, amphibious, 8 rings, constrict 8, camouflage
1, gelatinous body 1
a: no special abilities


You were on level 2 of the Dungeon.
You were hungry.

You visited 1 branch of the dungeon, and saw 2 of its levels.

You collected 92 gold pieces.

Inventory:

Hand Weapons
 g - a +0 spear (weapon)
Jewellery
 e - an amulet of reflection (around mantle)
Scrolls
 a - 2 scrolls of identify {unknown}
 c - a scroll of fear {unknown}
 f - 2 scrolls of magic mapping {unknown}
 i - 2 scrolls of teleportation {unknown}
 j - a scroll of enchant armour {unknown}
Potions
 d - a potion of heal wounds {unknown}
Comestibles
 b - 4 rations


   Skills:
 - Level 2.0 Dodging
 - Level 2.6 Stealth
 * Level 3.1 Spellcasting
 + Level 4.4 Conjurations


You had 7 spell levels left.
You knew the following spells:

 Your Spells              Type           Power        Failure   Level  Hunger
a - Magic Dart            Conj           ###.         2%          1    None

Your spell library contained the following spells:

 Spells                   Type           Power        Failure   Level  Hunger
 Searing Ray              Conj           ###...       4%          2    ##.....
 Dazzling Flash           Conj/Hex       ##....       21%         3    ###....
 Fulminant Prism          Conj/Hex       ##........   54%         4    ####...
 Iskenderun's Mystic Bla  Conj/Tloc      ##......     54%         4    ####...


Dungeon Overview and Level Annotations

Branches:
Dungeon (2/15)

Altars:
Xom

Annotations:
D:2 1 transporter


Innate Abilities, Weirdness & Mutations

You cannot wear most types of armour.
You are very stealthy in the water. (Stealth+)
You are amphibious.
You can wear up to eight rings at the same time.
You can use your tentacles to constrict eight enemies at once.
Your skin changes colour to match your surroundings (Stealth+).
Your rubbery body absorbs attacks. (AC +1, EV +1)


Message History

The orc barely misses you.
Casting: Magic Dart (safe; 2% risk of failure)
Confirm with . or Enter, or press ? or * to list all spells.
Aiming: Magic Dart (safe; 2% risk of failure)
Press: ? - help, Shift-Dir - straight line, f/p - orc
Aim: an orc, wielding a +0 flail of venom and wearing a +0 chain mail (lightly wounded)
The magic dart hits the orc but does no damage.
The orc is lightly wounded.
You block the orc's attack.
Casting: Magic Dart (safe; 2% risk of failure)
Confirm with . or Enter, or press ? or * to list all spells.
Aiming: Magic Dart (safe; 2% risk of failure)
Press: ? - help, Shift-Dir - straight line, f/p - orc
Aim: an orc, wielding a +0 flail of venom and wearing a +0 chain mail (lightly wounded)
The magic dart hits the orc but does no damage.
The orc is lightly wounded.
You feel sick.
The orc hits you with a +0 flail of venom!
Ouch! That really hurt!
You die...

#############
##..)........##
#.(#########..#
#.##...@o..##.#
#.#8..#.#..8#.#
##.#..#...#)$#.## ######
##..#.......$.#..## #.....
#..©#..©...)$_#©..###.....
#...#.......%.#.....).....
#.#.#..#...#($#.#####.....
#.#.#8..#.#..8#.# #.....
#.#.##.......##.# #.....


You could see an orc.

Vanquished Creatures
  3 dart slugs (D:1)
  A leopard gecko (D:1)
  5 giant cockroaches (D:1)
  4 goblins
  7 hobgoblins
  A ball python (D:1)
  2 bats (D:1)
  2 frilled lizards (D:1)
  2 kobolds
  5 rats (D:1)
32 creatures vanquished.

Notes
Turn   | Place    | Note
-------+----------+-------------------------------------------
     0 | D:1      | RonnieColeman the Octopode Conjurer began the quest for the
                  | Orb.
     0 | D:1      | Reached XP level 1. HP: 11/11 MP: 3/3
   344 | D:1      | Reached XP level 2. HP: 17/17 MP: 0/5
  1003 | D:1      | Reached XP level 3. HP: 21/21 MP: 0/7
  1999 | D:2      | Found a transporter.
  2007 | D:2      | Found a transporter.
  2013 | D:2      | Found a shimmering altar of Xom.
  2101 | D:2      | Slain by an orc

Illustrated notes

Levels and vault maps discovered:
D:1:      dpeg_arrival_arbitrary_a, layout_basic
D:2:      layout_basic, lemuel_crystal_altar, lemuel_crystal_altar,
          gammafunk_temple_overflow_arena

Skill      XL: |  1  2  3 |
---------------+----------+-----
Spellcasting   | 3 |  3.1
Dodging        | |  2.0
Stealth        | |  2.6
Conjurations   | |  4.4

Action                   || total
-------------------------++-------
Melee: Unarmed           ||    13
       Constrict         ||     7
       Tentacles         ||     6
       Spear             ||    10
 Cast: Magic Dart        ||    64
  Eat: Chunk             ||     3
Dodge: Dodged            ||    14
Block: Other             ||     8
